[Event "ICC tourney 1980 (3 2)"]
[Site "Internet Chess Club"]
[Date "2020.08.28"]
[Round "10"]
[White "espark"]
[Black "harkerchess"]
[Result "1-0"]
[ICCResult "Black forfeits on time"]
[WhiteElo "1789"]
[BlackElo "1433"]
[Opening "Caro-Kann: Tartakower (Nimzovich) variation"]
[ECO "B15"]
[NIC "CK.06"]
[Time "22:17:16"]
[TimeControl "180+2"]

1. e4 c6 2. d4 d5 3. Nc3 dxe4 4. Nxe4 Nf6 5. Nxf6+ exf6 6. c3 Bd6 7. Bd3 O-O
8. Ne2 Nd7 9. O-O Re8 10. Qc2 Nf8 11. Be3 Be6 12. c4 Qc7 13. h3 Rad8 14.
Rad1 c5 15. d5 Bc8 16. Qd2 Ng6 17. Nc3 a6 18. Ne4 Bf4 19. Bxf4 Nxf4 20. Bb1
Qe5 21. Rfe1 Ng6 22. Nxc5 Qc7 23. Rxe8+ Rxe8 24. Ne4 Ne5 25. b3 Bxh3 26. d6
Qd7 27. Qf4 Be6 28. Nc5 Qc6 29. Nxe6 fxe6 30. Qh4 h6 31. Be4 Qd7 32. c5 Rc8
33. Rc1 b6 34. b4 a5 35. a3 axb4 36. axb4 bxc5 37. bxc5 f5 38. Bb1 Qb7 39.
Qd4 Nd7 40. Ba2 Nf8 41. Qe5 Qd7 42. c6 Rxc6 43. Rxc6 Qxc6 44. Bxe6+ Nxe6 45.
Qxe6+ Kh8 46. Qe5 Kg8 47. g3 Qd7 48. Qc5 Kf7 49. Qe5 Qe6 50. Qc5 Qd7 51.
Qd5+ Kf6 52. Kg2 g5 53. f4 gxf4 54. gxf4 h5 55. Qe5+ Kf7 56. Kh3 Qe6 57. Qd4
Qd7 58. Kh4 Ke6 59. Qe5+ Kf7 60. Kxh5 {Black forfeits on time} 1-0

[Event "ICC tourney 1980 (3 2)"]
[Site "Internet Chess Club"]
[Date "2020.08.28"]
[Round "10"]
[White "MrNormalName"]
[Black "dopolian"]
[Result "1-0"]
[ICCResult "Black resigns"]
[WhiteElo "1955"]
[BlackElo "2045"]
[Opening "Benoni: 6.e4"]
[ECO "A65"]
[NIC "BI.38"]
[Time "22:17:09"]
[TimeControl "180+2"]

1. d4 Nf6 2. c4 c5 3. d5 e6 4. Nc3 exd5 5. cxd5 d6 6. e4 g6 7. Bd3 Bg7 8. h3
O-O 9. Nf3 Bd7 10. a4 Na6 11. O-O Nb4 12. Bf4 Nxd3 13. Qxd3 Qc7 14. Nb5 Bxb5
15. axb5 Nd7 16. Ra2 c4 17. Qc2 Rfe8 18. Rc1 Nb6 19. Be3 Qe7 20. Bxb6 axb6
21. Rxa8 Rxa8 22. Qxc4 Bxb2 23. Rc2 Be5 24. g3 Bf6 25. Kg2 Re8 26. Qc7 Qxe4
27. Rd2 Be5 28. Qxb6 Ra8 29. Qxb7 Ra3 30. Qc8+ Kg7 31. Qg4 Qxg4 32. hxg4 Bf6
33. g5 Bd8 34. Rb2 Bb6 35. Nd2 Ra4 36. Kf3 Rd4 37. Ne4 Rxd5 38. Nf6 Rxg5 39.
Ne8+ Kf8 40. Nxd6 Rc5 41. Ra2 Rd5 42. Ra8+ Kg7 43. Nc4 Bd4 44. b6 Rb5 45.
Rb8 Rb3+ 46. Kg2 h5 47. Rd8 Bc5 48. Rd7 Kf6 49. b7 Ke6 50. Rc7 Bd4 51. Na5
Ba7 52. Nc6 Kd6 53. b8=Q Bxb8 54. Rc8 Bc7 55. Nd4 Rd3 56. Nb5+ Kc6 57. Rxc7+
Kxb5 58. Rxf7 Rd6 59. Rc7 Kb6 60. Rc4 Kb5 61. Rc3 Kb4 62. Rc8 Rf6 63. f4 Rd6
64. Kh3 Kb5 65. Kh4 Kb6 66. Kg5 Rd3 67. Kxg6 Rxg3+ 68. Kxh5 Kb7 69. Rc1 Rg8
70. f5 Rf8 71. Kg6 Rg8+ 72. Kf7 Rg1 73. Rxg1 {Black resigns} 1-0

[Event "ICC tourney 1980 (3 2)"]
[Site "Internet Chess Club"]
[Date "2020.08.28"]
[Round "11"]
[White "MrNormalName"]
[Black "GGuseinov"]
[Result "1/2-1/2"]
[ICCResult "Game drawn by mutual agreement"]
[WhiteElo "1971"]
[BlackElo "2904"]
[Opening "King's Indian: 6.Be2"]
[ECO "E91"]
[NIC "KI.19"]
[Time "22:30:35"]
[TimeControl "180+2"]

1. d4 Nf6 2. c4 g6 3. Nc3 Bg7 4. e4 d6 5. Nf3 O-O 6. Be2 c5 7. O-O cxd4 8.
Nxd4 Nc6 9. Be3 Bd7 10. f3 Nxd4 11. Bxd4 a5 12. Qd2 Bc6 13. Rfd1 Nd7
{Game drawn by mutual agreement}
1/2-1/2

[Event "ICC tourney 1980 (3 2)"]
[Site "Internet Chess Club"]
[Date "2020.08.28"]
[Round "11"]
[White "TjkTiger"]
[Black "Kokoro"]
[Result "1-0"]
[ICCResult "Black resigns"]
[WhiteElo "2140"]
[BlackElo "1860"]
[Opening "English: four knights, Nimzovich variation"]
[ECO "A28"]
[NIC "EO.09"]
[Time "22:30:02"]
[TimeControl "180+2"]

1. c4 e5 2. Nc3 Nf6 3. Nf3 Nc6 4. e4 Bc5 5. Nxe5 Nxe5 6. d4 Bb4 7. dxe5 Nxe4
8. Qf3 Qh4 9. g3 Ng5 10. Qe2 Qe4 11. Bxg5 Qxh1 12. f3 Bxc3+ 13. bxc3 O-O 14.
O-O-O d6 15. Bh4 dxe5 16. Bg2 Qxh2 17. Rh1 Qxh1+ 18. Bxh1 f6 19. f4 c6 20.
fxe5 Re8 21. Be4 Rxe5 22. Qd3 Be6 23. Bxh7+ Kf7 24. Qg6+ Kf8 25. Bxf6
{Black resigns}
1-0

[Event "ICC tourney 1980 (3 2)"]
[Site "Internet Chess Club"]
[Date "2020.08.28"]
[Round "11"]
[White "Zwish"]
[Black "Tombstone"]
[Result "0-1"]
[ICCResult "White resigns"]
[WhiteElo "1286"]
[BlackElo "1673"]
[Opening "Anderssen's opening"]
[ECO "A00"]
[NIC "VO.14"]
[Time "22:29:55"]
[TimeControl "180+2"]

1. a3 g6 2. Nf3 Bg7 3. d4 d5 4. g3 Nf6 5. Bg2 O-O 6. O-O c6 7. c3 Bf5 8. Re1
Nbd7 9. Nbd2 Re8 10. Nh4 Be6 11. e4 dxe4 12. Bxe4 Nxe4 13. Nxe4 Nf6 14. Nc5
Bd5 15. Nxb7 Qd7 16. Nc5 Qh3 17. f3 h6 18. Ng2 Ng4 19. Kf1 Qxh2 20. Ne4 Qh1+
21. Ke2 Qxg2+ 22. Kd3 Bxe4+ 23. Kc4 Bd5+ 24. Kc5 Nf6 25. Rf1 Nd7+ 26. Kb4
Reb8+ 27. Ka4 Qxf1 28. Qxf1 Bb3+ 29. Ka5 Rb5+ 30. Qxb5 cxb5 31. Kb4 Bc4 32.
Bf4 Nb6 33. Rh1 Nd5+ 34. Ka5 Nxf4 35. gxf4 h5 {White resigns} 0-1

[Event "ICC tourney 1980 (3 2)"]
[Site "Internet Chess Club"]
[Date "2020.08.28"]
[Round "11"]
[White "Venom2020"]
[Black "Goran21"]
[Result "0-1"]
[ICCResult "White resigns"]
[WhiteElo "1918"]
[BlackElo "2087"]
[Opening "Sicilian"]
[ECO "B54"]
[NIC "SI.01"]
[Time "22:30:01"]
[TimeControl "180+2"]

1. e4 c5 2. Nf3 d6 3. d4 cxd4 4. Nxd4 e5 5. Bb5+ Bd7 6. Bxd7+ Qxd7 7. Nf5
Nf6 8. Nc3 Nxe4 9. Nxg7+ Bxg7 10. Nxe4 d5 11. Ng3 Nc6 12. O-O O-O-O 13. c3
h5 14. Qf3 h4 15. Nf5 Rdg8 16. Bg5 Qe6 17. Nxg7 Rxg7 18. Bd2 e4 19. Qe3 Rhg8
20. g3 Qh3 21. Qf4 hxg3 22. fxg3 Rxg3+ 23. hxg3 Rxg3+ 24. Qxg3 Qxg3+ 25. Kh1
Ne5 26. Bf4 Qh3+ 27. Kg1 Qg4+ 28. Kh1 Nf3 29. Bh2 e3 30. Rad1 e2 {White
resigns} 0-1

[Event "ICC tourney 1980 (3 2)"]
[Site "Internet Chess Club"]
[Date "2020.08.28"]
[Round "11"]
[White "londonkid"]
[Black "tactics321"]
[Result "0-1"]
[ICCResult "White resigns"]
[WhiteElo "1883"]
[BlackElo "2231"]
[Opening "Budapest: Rubinstein variation"]
[ECO "A52"]
[NIC "QG.01"]
[Time "22:29:58"]
[TimeControl "180+2"]

1. d4 Nf6 2. c4 e5 3. dxe5 Ng4 4. Bf4 Nc6 5. Nf3 Bb4+ 6. Nbd2 Qe7 7. e3
Ngxe5 8. Nxe5 Nxe5 9. Be2 O-O 10. O-O d6 11. a3 Bxd2 12. Qxd2 b6 13. Bxe5
dxe5 14. Bf3 Rb8 15. Qc3 Bf5 16. e4 Bd7 17. b4 f6 18. h3 Be6 19. Rac1 c5 20.
Rfd1 Rfd8 21. Qc2 Rd4 22. Rxd4 cxd4 23. c5 Rc8 24. Be2 bxc5 25. bxc5 Kf8 26.
Ba6 Rc7 27. c6 Qd6 28. Qa4 d3 29. Rd1 Qxc6 30. Qb4+ Kf7 31. Bxd3 Rd7 32. Kh2
Rd4 33. Qb8 Qb6 34. Qa8 Rd8 35. Ra1 Rxa8 {White resigns} 0-1

[Event "ICC tourney 1980 (3 2)"]
[Site "Internet Chess Club"]
[Date "2020.08.28"]
[Round "11"]
[White "MasterZachary"]
[Black "espark"]
[Result "1-0"]
[ICCResult "Black checkmated"]
[WhiteElo "2141"]
[BlackElo "1785"]
[Opening "Robatsch (modern) defense"]
[ECO "B06"]
[NIC "KF.05"]
[Time "22:29:58"]
[TimeControl "180+2"]

1. e4 g6 2. d4 Bg7 3. Nc3 d6 4. Bg5 a6 5. Qd2 b5 6. O-O-O h6 7. Bh4 Nd7 8.
d5 Bb7 9. Nf3 Ngf6 10. Nd4 b4 11. Nce2 Nxe4 12. Qxb4 Rb8 13. Nf4 Nec5 14.
Qd2 g5 15. Nh5 Be5 16. Bg3 Nf6 17. Bxe5 dxe5 18. Nxf6+ exf6 19. Nf5 Qd7 20.
g4 Rd8 21. Bg2 Na4 22. h4 Nb6 23. hxg5 fxg5 24. Qxg5 f6 25. Qxf6 Qf7 26.
Qxh8+ Kd7 27. Qxh6 Kc8 28. Qe6+ Qxe6 29. dxe6 Bxg2 30. Rxd8+ Kxd8 31. Rh8#
{Black checkmated}
1-0

[Event "ICC tourney 1980 (3 2)"]
[Site "Internet Chess Club"]
[Date "2020.08.28"]
[Round "11"]
[White "jx4"]
[Black "BreatheChessAls"]
[Result "1/2-1/2"]
[ICCResult "Game drawn by repetition"]
[WhiteElo "1797"]
[BlackElo "1599"]
[Opening "QGD Slav defense"]
[ECO "D10"]
[NIC "SL.01"]
[Time "22:30:01"]
[TimeControl "180+2"]

1. d4 d5 2. c4 c6 3. Nc3 Nf6 4. cxd5 cxd5 5. Bf4 a6 6. Nf3 Nc6 7. Ne5 Nxe5
8. Bxe5 e6 9. e3 Bd6 10. Bg3 O-O 11. Bd3 Bxg3 12. hxg3 h6 13. g4 Nh7 14. f4
f5 15. Rc1 Bd7 16. gxf5 exf5 17. Nxd5 Bc6 18. Nc3 Bxg2 19. Rh2 Bc6 20. d5
Bd7 21. Bc4 Kh8 22. Qd4 Nf6 23. Kd2 Ng4 24. Rh3 Re8 25. Rg1 Qf6 26. Qxf6
Nxf6 27. Be2 Rad8 28. Kc2 Ne4 29. Nxe4 fxe4 30. Rhg3 Bf5 31. Rxg7 Rxd5 32.
Rxb7 Red8 33. Bc4 Rc5 34. Kb3 Rdc8 35. Bf7 Rf8 36. Bc4 Rfc8 37. Bf7 Rf8 38.
Bc4 Rfc8 {Game drawn by repetition} 1/2-1/2

[Event "ICC tourney 1980 (3 2)"]
[Site "Internet Chess Club"]
[Date "2020.08.28"]
[Round "11"]
[White "Ayushb"]
[Black "kralj8"]
[Result "1/2-1/2"]
[ICCResult "Game drawn by mutual agreement"]
[WhiteElo "1541"]
[BlackElo "1573"]
[Opening "Two knights defense (Modern bishop's opening)"]
[ECO "C55"]
[NIC "IG.01"]
[Time "22:29:58"]
[TimeControl "180+2"]

1. e4 e5 2. Nf3 Nc6 3. Bc4 Nf6 4. d3 Be7 5. Nc3 O-O 6. O-O d6 7. h3 Na5 8.
Bb3 Nxb3 9. axb3 Be6 10. Re1 h6 11. Be3 a6 12. d4 exd4 13. Nxd4 Qd7 14. Nxe6
Qxe6 15. Qf3 Rad8 16. Rad1 Rfe8 17. e5 dxe5 18. Qxb7 c5 19. Qf3 Nh7 20. Ne4
c4 21. bxc4 Qxc4 22. Nc3 Bb4 23. Qg3 Kh8 24. Rxd8 Rxd8 25. Qxe5 Nf6 26. Bxh6
Re8 27. Bxg7+ Kxg7 28. Qg5+ Kf8 29. Qh6+ Kg8 30. Qg5+
{Game drawn by mutual agreement}
1/2-1/2

[Event "ICC tourney 1980 (3 2)"]
[Site "Internet Chess Club"]
[Date "2020.08.28"]
[Round "11"]
[White "tangent"]
[Black "IndianTerritory"]
[Result "1-0"]
[ICCResult "Black forfeits on time"]
[WhiteElo "1881"]
[BlackElo "1742"]
[Opening "QGD Slav: 3.Nf3"]
[ECO "D11"]
[NIC "SL.01"]
[Time "22:29:58"]
[TimeControl "180+2"]

1. d4 c6 2. c4 d5 3. Nf3 e6 4. Qb3 Nf6 5. Nbd2 Nbd7 6. g3 Be7 7. Bg2 O-O 8.
O-O b6 9. Ne5 Nxe5 10. dxe5 Nd7 11. Qc3 Bb7 12. e4 Nc5 13. exd5 cxd5 14.
cxd5 exd5 15. Nb3 Qc7 16. Be3 Rac8 17. Rac1 Qb8 18. Bd4 Ba6 19. Rfd1 Nd3 20.
Qd2 Nxc1 21. Nxc1 Rfd8 22. Nd3 Bxd3 23. Qxd3 Bc5 24. Bc3 d4 25. Bd2 Be7 26.
f4 Qc7 27. Be4 g6 28. Rc1 Qb8 29. h4 Rxc1+ 30. Bxc1 Bb4 31. h5 Qc8 32. hxg6
hxg6 33. Kg2 a6 34. Bd2 Bxd2 35. Qxd2 d3 36. Kf3 Qc5 37. Bxd3 Qd5+ 38. Ke3
Qd4+ 39. Ke2 b5 40. a3 a5 41. Qc2 b4 42. Bxg6 {Black forfeits on time} 1-0

[Event "ICC tourney 1980 (3 2)"]
[Site "Internet Chess Club"]
[Date "2020.08.28"]
[Round "11"]
[White "harkerchess"]
[Black "Xuanli28"]
[Result "0-1"]
[ICCResult "White checkmated"]
[WhiteElo "1426"]
[BlackElo "1665"]
[Opening "Trompowsky attack (Ruth, Opocenský opening)"]
[ECO "A45"]
[NIC "QP.07"]
[Time "22:30:52"]
[TimeControl "180+2"]

1. d4 Nf6 2. Bg5 Ne4 3. Bf4 d5 4. Nd2 Nxd2 5. Qxd2 e6 6. Nf3 Be7 7. O-O-O
O-O 8. h4 c5 9. h5 c4 10. h6 g6 11. Ng5 Nc6 12. e4 b5 13. exd5 exd5 14. Kb1
Bf5 15. Nf3 a5 16. Ne5 Nb4 17. Rc1 f6 18. Nf3 g5 19. Bg3 Nc6 20. Ne1 a4 21.
f4 a3 22. b3 Bb4 23. Qe3 Re8 24. Qf3 Nxd4 25. Qf2 Nxb3 26. axb3 a2+ 27. Kb2
Qa5 28. Qa7 Bc3# {White checkmated} 0-1

[Event "ICC tourney 1980 (3 2)"]
[Site "Internet Chess Club"]
[Date "2020.08.28"]
[Round "11"]
[White "rjc64uk"]
[Black "vyomvidy"]
[Result "1/2-1/2"]
[ICCResult "Game drawn because neither player has mating material"]
[WhiteElo "1566"]
[BlackElo "1762"]
[Opening "Vienna gambit: Paulsen attack"]
[ECO "C29"]
[NIC "VG.03"]
[Time "22:29:57"]
[TimeControl "180+2"]

1. e4 e5 2. Nc3 Nf6 3. f4 d5 4. fxe5 Nxe4 5. Qf3 Nc6 6. Bb5 Bc5 7. Nxe4 dxe4
8. Qxe4 Bd7 9. Nf3 O-O 10. d4 Nxd4 11. Nxd4 Bxd4 12. Bd3 Bf5 13. Qxf5 g6 14.
Qf3 Re8 15. Kf1 Rxe5 16. g3 Re6 17. Bf4 Rf6 18. h4 h6 19. Kg2 g5 20. hxg5
hxg5 21. Qe4 Rg6 22. Be5 Bxe5 23. Qxe5 Rg7 24. Rh2 Qe8 25. Qxe8+ Rxe8 26.
Rah1 Kf8 27. Rh8+ Rg8 28. Rxg8+ Kxg8 29. Kf3 Re5 30. Kg4 c5 31. Rf1 c4 32.
Bf5 f6 33. Kh5 Kf7 34. Kg4 Rd5 35. Be4 Rd4 36. Kf5 b5 37. Rh1 Kg7 38. c3 Rd2
39. Ke6 Re2 40. Kf5 Rxb2 41. a3 Rf2+ 42. Ke6 Re2 43. Kd5 Kg8 44. g4 Re3 45.
Kd4 Re2 46. Bd5+ Kg7 47. Be4 Kg8 48. Rh6 Rd2+ 49. Ke3 Ra2 50. Rxf6 Rxa3 51.
Kd4 a5 52. Rg6+ Kf7 53. Rxg5 b4 54. Kxc4 Rxc3+ 55. Kb5 Ra3 56. Bd5+ Kf6 57.
Rf5+ Kg7 58. Rf3 Rxf3 59. Bxf3 b3 60. Be4 Kf6 61. Ka4 Kg5 62. Kxb3 Kxg4 63.
Ka4 Kf4 64. Bc6 Ke5 65. Kxa5
{Game drawn because neither player has mating material}
1/2-1/2

[Event "ICC tourney 1980 (3 2)"]
[Site "Internet Chess Club"]
[Date "2020.08.28"]
[Round "11"]
[White "steinutz"]
[Black "vedanta07"]
[Result "0-1"]
[ICCResult "White checkmated"]
[WhiteElo "1497"]
[BlackElo "1419"]
[Opening "Trompowsky attack (Ruth, Opocenský opening)"]
[ECO "A45"]
[NIC "QP.07"]
[Time "22:30:02"]
[TimeControl "180+2"]

1. d4 Nf6 2. Bg5 e6 3. e3 Be7 4. Bd3 h6 5. Bh4 O-O 6. Nd2 Nd5 7. Bg3 c5 8.
c3 Nc6 9. Ngf3 d6 10. Qe2 a6 11. a4 cxd4 12. exd4 Re8 13. O-O Bf6 14. Ne4 e5
15. Nxf6+ Qxf6 16. dxe5 Nxe5 17. Nxe5 dxe5 18. Bc4 Nb6 19. Bb3 Bf5 20. a5
Nd7 21. Rfe1 Nc5 22. Bd5 Nd3 23. Red1 e4 24. c4 h5 25. b3 Bg4 26. f3 exf3
27. Qxd3 fxg2 28. Re1 Rxe1+ 29. Rxe1 Bh3 30. Bxg2 Bxg2 31. Kxg2 Qc6+ 32. Qf3
Qc5 33. Qd5 Qb4 34. Rf1 Qxb3 35. Rxf7 Kh8 36. Rxg7 Kxg7 37. Be5+ Kg6 38.
Qe4+ Kf7 39. Qf5+ Ke7 40. Qf6+ Kd7 41. Qd6+ Ke8 42. Qe6+ Kd8 43. Bf6+ Kc7
44. Be5+ Kd8 45. Qd6+ Ke8 46. Bf6 Qc2+ 47. Kh3 Qf5+ 48. Kg2 Qe4+ 49. Kg3
Qg4+ 50. Kf2 Qf5+ 51. Ke3 Qh7 52. Kd4 Qd7 53. c5 Qxd6+ 54. cxd6 Kd7 55. Be7
Re8 56. Ke5 Rg8 57. h4 Rg2 58. Kf5 Ra2 59. Kg5 Rxa5+ 60. Kg6 Rd5 61. Kh6 b5
62. Bg5 Rxd6+ 63. Kxh5 b4 64. Kg4 b3 65. Bc1 Rd4+ 66. Kg5 Rd1 67. Ba3 Ra1
68. Bb2 Ra2 69. Bf6 b2 70. Bxb2 Rxb2 71. h5 Rh2 72. h6 a5 73. Kg6 a4 74. h7
Rxh7 75. Kxh7 a3 76. Kg6 a2 77. Kf5 a1=Q 78. Ke4 Qd1 79. Kf4 Qe2 80. Kf5 Qe3
81. Kf6 Qe4 82. Kf7 Qf5+ 83. Kg7 Ke7 84. Kg8 Qf6 85. Kh7 Qg5 86. Kh8 Kf7 87.
Kh7 Qh5# {White checkmated} 0-1

[Event "ICC tourney 1980 (3 2)"]
[Site "Internet Chess Club"]
[Date "2020.08.28"]
[Round "11"]
[White "dopolian"]
[Black "MARMAYOGI11"]
[Result "1-0"]
[ICCResult "Black checkmated"]
[WhiteElo "2049"]
[BlackElo "1804"]
[Opening "English opening"]
[ECO "A05"]
[NIC "QP.11"]
[Time "22:30:01"]
[TimeControl "180+2"]

1. Nf3 Nf6 2. c4 e6 3. b3 b6 4. Bb2 Bb7 5. g3 g6 6. Bg2 Bg7 7. O-O O-O 8. d4
d5 9. Ne5 Nfd7 10. Nd2 Nxe5 11. dxe5 c5 12. e3 Qc7 13. f4 Rd8 14. Qc2 Nc6
15. a3 d4 16. exd4 Nxd4 17. Bxd4 Bxg2 18. Kxg2 cxd4 19. Qd3 Rd7 20. b4 a5
21. Ne4 Qc6 22. Rfc1 f5 23. exf6 Bxf6 24. Kg1 Bg7 25. b5 Qb7 26. c5 Re7 27.
c6 Qc7 28. a4 Rd8 29. Rf1 Rd5 30. Rae1 Kh8 31. Ng5 Qd6 32. Re4 Rc5 33. Rxe6
Qxe6 34. Nxe6 Rxe6 35. Rf2 Re3 36. Qd2 Rec3 37. Re2 h6 38. Re8+ Kh7 39. Re1
d3 40. Kh1 Rd5 41. Re7 Rc2 42. Qd1 d2 43. Qxc2 d1=Q+ 44. Qxd1 Rxd1+ 45. Kg2
Rc1 46. Rb7 Rc2+ 47. Kf3 g5 48. fxg5 hxg5 49. Rxb6 Kg6 50. c7+ Kf7 51. Rc6
Rxh2 52. c8=Q g4+ 53. Kxg4 Rb2 54. Qd7+ Kg8 55. Rc8+ Kh7 56. Qf5+ Kh6 57.
Rc6+ Bf6 58. Rxf6+ Kg7 59. Qg6+ Kh8 60. Rf8# {Black checkmated} 1-0

[Event "ICC tourney 1980 (3 2)"]
[Site "Internet Chess Club"]
[Date "2020.08.28"]
[Round "11"]
[White "JosephLevine"]
[Black "davika21"]
[Result "1-0"]
[ICCResult "Black checkmated"]
[WhiteElo "1722"]
[BlackElo "1578"]
[Opening "Hungarian defense"]
[ECO "C50"]
[NIC "IG.03"]
[Time "22:30:01"]
[TimeControl "180+2"]

1. e4 e5 2. Nf3 Nc6 3. Bc4 Be7 4. O-O Nf6 5. d3 O-O 6. c3 d5 7. exd5 Nxd5 8.
Re1 Nb6 9. Bb5 f6 10. h3 Bf5 11. Bxc6 bxc6 12. d4 exd4 13. Nxd4 Bd7 14. Bf4
c5 15. Nf3 Bc6 16. Nbd2 Bd6 17. Be3 Nd5 18. Qc2 Re8 19. Nc4 Nxe3 20. Rxe3
Rxe3 21. Nxe3 Qe7 22. Re1 Qf7 23. b3 Qh5 24. Qf5 Qf7 25. Nd2 Re8 26. Qd3 Bf4
27. Ndc4 Bb5 28. Qd1 Qe6 29. a4 Bxc4 30. bxc4 Qa6 31. Qd5+ Kh8 32. Qd7 Qe6
33. Qxe6 Rxe6 34. Rd1 Kg8 35. Nd5 Be5 36. Re1 Kf7 37. f4 Bd6 38. Kf2 Rxe1
39. Kxe1 Ke6 40. g4 g6 41. Ke2 c6 42. Ne3 Bxf4 43. Nc2 Ke5 44. Kf3 g5 45.
Ne1 Bd2 46. Nd3+ Kd6 47. Ke4 Bxc3 48. Kf5 Ke7 49. Nf2 Bd4 50. Ne4 a5 51. Nd2
Kf7 52. Nb3 h6 53. Nxa5 Bc3 54. Nxc6 Bb4 55. a5 Bc3 56. a6 Be5 57. a7 Bc7
58. a8=Q Kg7 59. Qb7 h5 60. Qxc7+ Kf8 61. Qe7+ Kg8 62. Kxf6 h4 63. Qg7#
{Black checkmated}
1-0

[Event "ICC tourney 1980 (3 2)"]
[Site "Internet Chess Club"]
[Date "2020.08.28"]
[Round "11"]
[White "helavir"]
[Black "BMWHero"]
[Result "0-1"]
[ICCResult "White checkmated"]
[WhiteElo "2220"]
[BlackElo "2560"]
[Opening "Sicilian: Nimzovich-Rossolimo attack (without ...d6)"]
[ECO "B30"]
[NIC "SI.31"]
[Time "22:30:20"]
[TimeControl "180+2"]

1. e4 c5 2. Nf3 Nc6 3. Bb5 Nf6 4. Bxc6 dxc6 5. d3 g6 6. h3 Bg7 7. Nc3 Nd7 8.
Be3 e5 9. Qd2 h6 10. O-O b6 11. Nh2 Nf8 12. f4 exf4 13. Bxf4 Ne6 14. Bg3 c4
15. e5 cxd3 16. cxd3 O-O 17. Ne4 Ba6 18. Rad1 Qd4+ 19. Kh1 Rad8 20. Nd6 Qd5
21. Ng4 Ng5 22. Bf4 c5 23. Bxg5 hxg5 24. Rf6 Bc8 25. Nxc8 Rxc8 26. Qxg5 c4
27. d4 c3 28. bxc3 Rxc3 29. Kh2 Qxa2 30. Rd2 Rc2 31. Rxc2 Qxc2 32. e6 Qe4
33. exf7+ Rxf7 34. Rxg6 Qf4+ 35. Qxf4 Rxf4 36. d5 Rd4 37. Ne3 Rf4 38. Kg3
Rf8 39. Kg4 Kh7 40. Re6 Rd8 41. Nf5 Bf8 42. d6 b5 43. Re5 a6 44. Rd5 b4 45.
d7 b3 46. Rd3 b2 47. Rb3 Ba3 48. Rb7 Kg8 49. Ne3 Rxd7 50. Rb8+ Kf7 51. Nc2
Bd6 52. Rxb2 a5 53. Ra2 Ra7 54. Ra4 Ke6 55. Nd4+ Kd5 56. Nb3 Bb4 57. h4 Kc6
58. Nxa5+ Bxa5 59. Kh3 Kb5 60. Rg4 Rh7 61. Rg5+ Kb4 62. h5 Bd8 63. Rd5 Be7
64. g4 Kc4 65. Rd7 Kc5 66. Kg2 Kc6 67. Ra7 Kd6 68. Kf3 Ke6 69. Ra6+ Bd6 70.
Ke4 Rf7 71. Ra5 Rf4+ 72. Ke3 Rxg4 73. Rb5 Rh4 74. Kf3 Be5 75. Rb6+ Kf5 76.
h6 Bf6 77. Rb5+ Kg6 78. Rd5 Kxh6 79. Ke2 Kg6 80. Kd3 Kf7 81. Rf5 Ke6 82. Rf3
Be5 83. Re3 Kd5 84. Rf3 Ra4 85. Re3 Ra3+ 86. Ke2 Ra2+ 87. Kd3 Bf4 88. Rf3
Ra4 89. Kc2 Ke4 90. Rh3 Ra2+ 91. Kb3 Rd2 92. Kc3 Rd8 93. Rh4 Rc8+ 94. Kb3
Ke3 95. Rg4 Be5 96. Rc4 Rh8 97. Rc6 Kd3 98. Rc5 Bd4 99. Rb5 Rh1 100. Rb4 Bc5
101. Rb5 Rc1 102. Kb2 Rc4 103. Kb3 Rc2 104. Rb8 Rc3+ 105. Kb2 Rc2+ 106. Kb1
Bd4 107. Rb3+ Bc3 108. Rb8 Rf2 109. Rb7 Rf1+ 110. Ka2 Ra1+ 111. Kb3 Rb1+
112. Ka2 Rxb7 113. Ka3 Kc4 114. Ka2 Ra7+ 115. Kb1 Kb3 116. Kc1 Ra1#
{White checkmated}
0-1